 Dungeon Crawl Stone Soup version 0.31.0-12-g77e489cdc1 (webtiles) character file.

Game seed: 12860852534011578871

79 jagang the Slasher (level 4, -2/36 HPs)
             Began as a Human Monk on Mar 6, 2024.
             Slain by a cerulean imp
             ... wielding a +2 spear
             ... summoned by Natasha
              (7 damage)
             ... on level 3 of the Dungeon.
             The game lasted 00:03:03 (2117 turns).

jagang the Slasher (Human Monk)                     Turns: 2117, Time: 00:03:07

Health: -2/36      AC:  6    Str: 11    XL:     4   Next: 37%
Magic:  4/4        EV:  9    Int: 10    God:
Gold:   150        SH:  0    Dex: 18    Spells: 3/3 levels left

rFire   . . .        a - +0 falchion
rCold   . . .        d - orb {light}
rNeg    . . .        q - +0 scale mail
rPois   .            (no helmet)
rElec   .            (no cloak)
rCorr   +            (no gloves)
SInv    .            (no boots)
Will    .....        (no amulet) Stlth
                     b - ring of resist corrosion
HPRegen 0.26/turn    (no ring)
MPRegen 0.09/turn

%: no passive effects
@: glowing
A: explore regen
a: no special abilities


You were on level 3 of the Dungeon.
You visited 1 branch of the dungeon, and saw 3 of its levels.

You collected 150 gold pieces.

Inventory:

Hand Weapons
 a - a +0 falchion (weapon)
Missiles
 p - a poisoned dart (quivered)
Armour
 d - an orb of light (worn)
 q - a +0 scale mail (worn)
Jewellery
 b - a ring of resist corrosion (left hand)
Scrolls
 f - 3 scrolls of teleportation {unknown}
 h - 2 scrolls of identify {unknown}
 i - a scroll of blinking {unknown}
 j - a scroll of enchant weapon {unknown}
 l - 2 scrolls of revelation {unknown}
 n - a scroll of poison {unknown}
 o - a scroll of torment {unknown}
Potions
 c - a potion of ambrosia
 e - a potion of invisibility {unknown}
 g - a potion of heal wounds {unknown}
 m - a potion of might {unknown}


   Skills:
 + Level 3.6 Fighting
 * Level 4.1 Long Blades
 + Level 1.5 Armour
 - Level 3.0 Dodging


You had 3 spell levels left.
You didn't know any spells.
Your spell library was empty.

Dungeon Overview and Level Annotations

Branches:
Dungeon (3/15)

Altars:
Nemelex Xobeh
Sif Muna

Annotations:
D:3 Natasha


Innate Abilities, Weirdness & Mutations

You regain HP and MP as you explore.


Message History

You open the door.
There is an open door here. 2 orcs and an orc priest come into view.
Found a scroll labelled KANEOZUENGU.
The orc shouts! x2; The orc priest shouts!
You hear an angry hiss.
You hear a shout!
You hear a bark!
Natasha, Servant of Life and Death comes into view.
The orc priest looks braver for a moment.
Throw: 3 darts (poison)
Press: ? - help, Q - select action Shift-Dir - straight line, f - orc
Aim: an orc, wielding a +0 club (haloed, 78% to hit)
You throw a poisoned dart. The poisoned dart hits the orc.
Throw: 2 darts (poison)
Press: ? - help, Q - select action Shift-Dir - straight line, f/p - orc
Aim: an orc, wielding a +0 club (haloed, 78% to hit)
You throw a poisoned dart. The poisoned dart hits the orc.
Natasha mumbles some strange words.
You feel troubled.
You barely miss the orc. The orc closely misses you.
You slash the orc!
You kill the orc!
The orc priest calls down the wrath of Beogh upon you.
Beogh smites you!
Natasha casts a spell.
The orc priest hits you with a +0 flail.
You see here a +0 club.
You slash the orc priest!
The orc priest is heavily wounded.
Natasha mumbles some strange words.
The orc priest hits you with a +0 flail!
You completely miss the orc priest.
The orc priest is heavily wounded.
You hit the orc priest but do no damage.
The orc priest is heavily wounded.
The orc priest hits you with a +0 flail.
* * * LOW HITPOINT WARNING * * *
The orc hits you with a +0 short sword.
* * * LOW HITPOINT WARNING * * *
The cerulean imp hits you from afar with a +2 spear!
You die...

#........##.#.#
#........##.#.# ##
#...........#.# #.
#........####.########.
#........#.............
#.####.###.##.#.######.
#..##.##.#.######.
#.#####.##.##.#........
#.....@o##.##.#.######.
#######o##....#........
#h5############## #5...
. #.##?. # #.# .... #..
... .. ##


You could see an orc priest, Natasha, 2 cerulean imps and an orc.

Vanquished Creatures
  Jessica (D:3)
  A ribbon worm (D:2)
  2 dart slugs
  An orc (D:3)
  2 endoplasms
  2 giant cockroaches
  3 goblins
  2 hobgoblins (D:2)
  6 kobolds
  5 quokkas
  5 ball pythons
  6 bats
  4 frilled lizards
  6 rats
46 creatures vanquished.

Notes
Turn   | Place    | Note
-------+----------+-------------------------------------------
     0 | D:1      | jagang the Human Monk began the quest for the Orb.
     0 | D:1      | Reached XP level 1. HP: 18/18 MP: 1/1
   205 | D:1      | Reached XP level 2. HP: 24/24 MP: 2/2
   919 | D:2      | Reached skill level 1 in Armour
   951 | D:2      | Reached XP level 3. HP: 29/29 MP: 3/3
  1647 | D:3      | Noticed Jessica
  1654 | D:3      | Killed Jessica
  1655 | D:3      | Reached skill level 4 in Long Blades
  1655 | D:3      | Reached XP level 4. HP: 7/35 MP: 4/4
  1820 | D:3      | Found a shimmering blue altar of Sif Muna.
  1884 | D:3      | Found a sparkling altar of Nemelex Xobeh.
  2108 | D:3      | Noticed Natasha
  2117 | D:3      | Slain by a cerulean imp

Illustrated notes

Levels and vault maps discovered:
D:1:      amcnicky_arrival_wind_blow, layout_basic
D:2:      layout_loops_ring, minmay_parallelograms, minmay_tromino_v4_a
D:3:      layout_basic, nicolae_sif_muna_condensation, lemuel_doored_altar,
          kennysheep_jessica_study, uniq_natasha

Skill      XL: |  1  2  3 |
---------------+----------+-----
Armour         | 1 |  1.5
Long Blades    | 4 |  4.1
Fighting       | |  3.6
Dodging        | |  3.0

Action                     |  1- 3 |  4- 6 || total
---------------------------+-------+-------++-------
  Melee: Falchion          |    92 |    29 ||   121
  Throw: Dart              |       |     2 ||     2
 Armour: Robe              |    13 |       ||    13
         Leather armour    |    30 |    13 ||    43
         Scale mail        |       |     7 ||     7
  Dodge: Dodged            |    64 |    21 ||    85
